 Dungeon Crawl Stone Soup version 0.31-a0-1206-g41278d8d1d (webtiles) character file.

Game seed: 13134051064500592605

340 senseless the Sneak (level 6, -3/42 HPs)
             Began as an Octopode Brigand on Dec 13, 2023.
             Slain by an ogre
             ... wielding a +0 giant club
              (19 damage)
             ... on level 4 of the Dungeon.
             The game lasted 00:06:25 (1964 turns).

senseless the Sneak (Octopode Brigand)              Turns: 1964, Time: 00:06:26

Health: -3/42      AC:  1    Str: 11    XL:     6   Next: 56%
Magic:  6/6        EV: 14    Int: 13    God:
Gold:   275        SH:  0    Dex: 15    Spells: 5/5 levels left

rFire   . . .        a - +2 dagger
rCold   . . .        (no shield)
rNeg    . . .        (helmet restricted)
rPois   .            h - amulet of regeneration
rElec   .            (no ring)
rCorr   .            (no ring)
SInv    .            (no ring)
Will    .....        (no ring)
Stlth   ++++         (no ring)
HPRegen 1.07/turn    (no ring)
MPRegen 0.10/turn    (no ring)
                     (no ring)

%: no passive effects
@: no status effects
A: almost no armour, amphibious, 8 rings, camouflage 1, gelatinous body 1,
(nimble swimmer 1), tentacles
a: no special abilities


You were on level 4 of the Dungeon.
You visited 1 branch of the dungeon, and saw 4 of its levels.

You collected 275 gold pieces.

Inventory:

Hand Weapons
 a - a +2 dagger (weapon)
Missiles
 b - 14 poisoned darts (quivered)
 c - 3 curare-tipped darts
Jewellery
 h - an amulet of regeneration (around mantle)
Wands
 o - a wand of quicksilver (11)
 p - a wand of iceblast (10)
Scrolls
 d - a scroll of fear {unknown}
 e - a scroll of vulnerability {unknown}
 g - 3 scrolls of enchant armour {unknown}
 k - 2 scrolls of teleportation {unknown}
 q - a scroll of immolation {unknown}
Potions
 f - a potion of lignification {unknown}
 i - a potion of haste {unknown}
 j - a potion of cancellation {unknown}
 l - a potion of mutation {unknown}
 m - a potion of resistance {unknown}
 n - 2 potions of curing {unknown}


   Skills:
 + Level 3.4 Fighting
 + Level 3.3 Short Blades
 + Level 3.4 Throwing
 + Level 3.0 Dodging
 + Level 6.7 Stealth


You had 5 spell levels left.
You didn't know any spells.
Your spell library contained the following spells:

 Spells                   Type           Power      Damage    Failure   Level
 Apportation              Tloc           0%         N/A       30%         1
 Jinxbite                 Hex            0%         N/A       43%         2
 Sublimation of Blood     Necr           0%         N/A       43%         2
 Petrify                  Tmut/Erth      0%         N/A       97%         4
 Alistair's Intoxication  Tmut/Pois      0%         N/A       100%        5
 Irradiate                Conj/Tmut      0%         3d11      100%        5


Dungeon Overview and Level Annotations

Branches:
Dungeon (4/15)
 Temple: D:4-7

Altars:


Innate Abilities, Weirdness & Mutations

You cannot wear most types of armour.
You are amphibious.
You can wear up to eight rings at the same time.
Your skin changes colour to match your surroundings (Stealth+).
Your rubbery body absorbs attacks. (AC +1, EV +1)
((You are camouflaged when in or above water. (Stealth+)))
You have tentacles for arms and can constrict up to eight enemies at once.


Message History

You hit the adder. Your grab misses the adder.
The adder is lightly wounded.
The adder barely misses you.
You barely miss the adder. Your grab misses the adder.
Your squeeze misses the adder.
The adder is lightly wounded.
The adder bites you.
You hit the adder. Your grab misses the adder.
The adder is lightly wounded.
The adder misses you. The adder bites you.
You hit the adder. You grab the adder.
The adder is moderately wounded.
You constrict the adder. The adder bites you.
You are poisoned.
The adder poisons you!
You hit the adder. You squeeze the adder.
You kill the adder!
You feel sick.
Your Dodging skill increases to level 3!
You barely miss the endoplasm.
You feel sick. The endoplasm freezes you.
You are frozen.
You hit the endoplasm. You squeeze the endoplasm.
You kill the endoplasm!
You feel sick.
You barely miss the ogre.
You feel sick. The ogre misses you.
You completely miss the ogre. You squeeze the ogre, but do no damage.
The sentinel's mark upon you fades away.
You feel sick.
You hit the ogre.
The ogre is lightly wounded.
The ogre hits you with a +0 giant club!
You hit the ogre but do no damage.
The ogre is lightly wounded.
You feel sick.
You are no longer poisoned.
You hit the ogre.
The ogre is lightly wounded.
The ogre hits you with a +0 giant club!!
You die...

#.## ...# ### #... ..#
##+# #.. ..#
##...##.#######.#
#.#.....#.#.#.#.#.###
.......<..#^^^^^#...#
#.........#########.#
..........O@)...'.#.#
#.........#########..#
##........#^^^^^#....#
##.....#.#.#.#=#....#
#....##.#######..###
#.#+# #.. ...# #. ###
.#.# . .#


You could see an ogre.

Vanquished Creatures
  A scorpion (D:4)
  3 orc wizards
  Robin (D:2)
  10 adders
  4 worms
  A dart slug (D:3)
  8 orcs (D:3)
  6 endoplasms
  A giant cockroach (D:1)
  14 goblins
  7 hobgoblins
  3 jackals (D:2)
  5 kobolds
  3 quokkas
  7 ball pythons
  3 bats
  3 frilled lizards
  7 rats
87 creatures vanquished.

Notes
Turn   | Place    | Note
-------+----------+-------------------------------------------
     0 | D:1      | senseless the Octopode Brigand began the quest for the Orb.
     0 | D:1      | Reached XP level 1. HP: 14/14 MP: 1/1
   101 | D:1      | Reached XP level 2. HP: 19/19 MP: 2/2
   214 | D:1      | You fall into a shaft and drop 1 floor!
   278 | D:2      | Reached XP level 3. HP: 15/24 MP: 3/3
   671 | D:1      | Reached XP level 4. HP: 30/30 MP: 4/4
   954 | D:3      | Noticed Robin
   962 | D:2      | Killed Robin
  1107 | D:3      | Reached skill level 6 in Stealth
  1230 | D:3      | Reached XP level 5. HP: 35/35 MP: 5/5
  1648 | D:3      | Reached XP level 6. HP: 37/42 MP: 6/6
  1964 | D:4      | Slain by an ogre

Illustrated notes

Levels and vault maps discovered:
D:1:      lemuel_arrival_lava_pool, layout_basic
D:2:      layout_rooms
D:3:      minmay_razor_zed, layout_loops_ring, uniq_robin
D:4:      layout_loops_corners, grunt_tough_drop

Skill      XL: |  1  2  3  4  5  6 |
---------------+-------------------+-----
Dodging        | 2 3 |  3.0
Stealth        | 6 |  6.7
Short Blades   | 3 |  3.3
Throwing       | 3 |  3.4
Fighting       | 3 |  3.4

Action                     |  1- 3 |  4- 6 || total
---------------------------+-------+-------++-------
  Melee: Dagger            |    56 |   150 ||   206
         Constrict         |    11 |    30 ||    41
         Tentacles         |     5 |    31 ||    36
         Punch             |     1 |     1 ||     2
  Throw: Dart              |     8 |     6 ||    14
  Evoke: Wand              |       |     2 ||     2
   Stab: Sleeping          |     9 |     7 ||    16
 Armour: Skin              |    19 |    63 ||    82
  Dodge: Dodged            |    33 |    76 ||   109

Table legend: (Time is in decaauts)
 A = Elapsed time spent in this place.
 B = Non-inter-level travel time spent in this place.
 C = Inter-level travel time spent in this place.
 D = Time resting spent in this place.
 E = Time spent auto-exploring this place.
 F = Levels seen in this place.
 G = Mean time per level.
                   A        B        C        D        E       F      G
               +--------+--------+--------+--------+--------+-----+--------+
         Total |   1933 |   1872 |     61 |     32 |   1327 |   4 |  483.2 |
       Dungeon |   1933 |   1872 |     61 |     32 |   1327 |   4 |  483.2 |
               +--------+--------+--------+--------+--------+-----+--------+

Top non-repeatable levels by time:
     D:3: 895 daAuts
     D:1: 502 daAuts
     D:2: 467 daAuts
     D:4: 69 daAuts
